 Dungeon Crawl Stone Soup version 0.17-a0-1430-g49fde19 (webtiles) character file.

76 Fluffy the Cudgeler (level 4, -9/28 HPs)
             Began as a Gargoyle Fighter on June 25, 2015.
             Killed from afar by Jessica (11 damage)
             ... with a wand of frost
             ... on level 3 of the Dungeon.
             The game lasted 00:02:25 (1249 turns).

Fluffy the Cudgeler (Gargoyle Fighter)              Turns: 1249, Time: 00:02:25

Health: -9/28      AC: 11    Str: 20    XL:     4   Next: 32%
Magic:  4/4        EV:  7    Int:  8    God:
Gold:   102        SH:  9    Dex: 10    Spells: 0 memorised, 3 levels left

rFire  . . .     SeeInvis .     a - +0 flail
rCold  . . .     Clarity  .     k - +0 scale mail (curse)
rNeg   + + .     SustAt   .     c - +0 shield
rPois  ∞         Gourm    .     (no helmet)
rElec  +         Spirit   .     (no cloak)
rCorr  .         Warding  +     o - +0 pair of gloves
rMut   .         Stasis   .     (no boots)
MR     .....                    i - amulet of warding
Stlth  ..........               (no ring)
                                n - ring of flight

@: flying, not resistant to hostile enchantments, extremely unstealthy
A: negative energy resistance 1, electricity resistance, unbreathing,
petrification resistance, rot immunity, AC +3
a: no special abilities


You were on level 3 of the Dungeon.
You were not hungry.

You visited 1 branch of the dungeon, and saw 3 of its levels.

You collected 102 gold pieces.

Inventory:

Hand weapons
 a - a +0 flail (weapon)
Armour
 c - a +0 shield (worn)
 k - a cursed +0 scale mail (worn)
 o - a +0 pair of gloves (worn)
Jewellery
 i - an amulet of warding (around neck)
 n - a ring of flight (left hand)
Scrolls
 b - a scroll of recharging {unknown}
 f - 4 scrolls of identify {unknown}
 g - 2 scrolls of fog {unknown}
 j - 2 scrolls of enchant weapon {unknown}
 l - a scroll of blinking {unknown}
 m - a scroll of fear {unknown}
Potions
 d - a potion of might
 s - a potion of heal wounds {unknown}
 t - a potion of poison {unknown}
Comestibles
 e - 2 bread rations
 h - a slice of pizza
 p - a royal jelly


   Skills:
 - Level 3.2 Fighting
 + Level 4.4 Maces & Flails
 - Level 3.2 Armour
 - Level 3.2 Shields


You had 3 spell levels left.
You didn't know any spells.

Dungeon Overview and Level Annotations

Branches:
Dungeon (3/15)

Altars:
Gozag

Annotations:
D:3 Jessica


Innate Abilities, Weirdness & Mutations

You are resistant to torment.
Your stone body is resilient (AC +3).
You are immune to poison.
You resist negative energy.
You are resistant to electric shocks.
You can survive without breathing.
You are immune to petrification.
You are immune to rotting.


Message History

Jessica blinks!
Jessica zaps a wand.
The puff of frost hits you!
An adder comes into view.
Jessica casts a spell.
Jessica blinks!
Found a fizzy puce potion.
Jessica zaps a wand.
You block the puff of frost.
Found a stone staircase leading down.
The goblin shouts!
A rat comes into view.
Jessica zaps a wand.
The puff of frost hits you! The adder bites you but does no damage.
Jessica zaps a wand.
The puff of frost hits you!
* * * LOW HITPOINT WARNING * * *
The adder barely misses you.
Drink which item? (? for menu, Esc to quit)
It was a potion of flight.
You feel very buoyant.
You fly up into the air.
Jessica zaps a wand.
The puff of frost hits you!
You die...

.......# .. .......#
#.### .......# ... #
.......# #.## ..
.......########..# ...
.................# ....
################.##.....
.....r.S.......#
#####..@@..#### #.##g#.#
#.# .#.# #.# .. # #.#
#.. #.. .># ### #.# .#


You could see an adder, Jessica, a goblin and a rat.

Vanquished Creatures
  4 adders (D:2)
  2 giant geckos
  4 bats
  3 goblins
  9 jackals
  2 quokkas (D:2)
  A giant cockroach (D:1)
  3 giant newts
  7 kobolds
  A rat (D:1)
36 creatures vanquished.

Notes
Turn   | Place    | Note
--------------------------------------------------------------
     0 | D:1      | Fluffy the Gargoyle Fighter began the quest for the Orb.
     0 | D:1      | Reached XP level 1. HP: 14/14 MP: 1/1
   372 | D:1      | Reached XP level 2. HP: 19/19 MP: 2/2
   566 | D:2      | Reached XP level 3. HP: 19/23 MP: 3/3
   869 | D:2      | Reached skill level 4 in Maces & Flails
   887 | D:2      | Found an opulent altar of Gozag.
  1012 | D:2      | Reached XP level 4. HP: 23/28 MP: 4/4
  1235 | D:3      | Noticed Jessica
  1249 | D:3      | Killed from afar by Jessica

Vault maps used:
D:1:      mrwooster_arrival_statue, kennysheep_boxes
D:2:      overflow_temple_1_default
D:3:      elyvilon_altar_1, patterned_corridor, uniq_jessica, uniq_natasha,
          uniq_sigmund

Action                   |  1- 3 |  4- 6 || total
-------------------------+-------+-------++-------
Melee: Flail             |   110 |    37 ||   147
  Use: Potion            |       |     1 ||     1
  Eat: Chunk             |     1 |       ||     1
